[Event "Polar Bears 4th Internal Tournament"]
[Site "FICS, San Jose, California USA"]
[Date "2008.12.20"]
[Time "23:07:05"]
[Round "1"]
[White "Tusendus"]
[Black "MaxProkopenko"]
[WhiteElo "1519"]
[BlackElo "1335"]
[TimeControl "1800+30"]
[Mode "ICS"]
[Result "0-1"]

1. e4 e5 2. f4 exf4 3. Qf3 Qh4+ 4. g3 fxg3 5. Qxg3 Qxg3+ 6. hxg3 Bc5 7. Ne2
Nc6 8. c3 Nf6 9. d4 Bb6 10. Bg2 d6 11. Bf4 Bg4 12. Nd2 Bxe2 13. Kxe2 O-O-O
14. Rae1 Rhe8 15. Kd1 h6 16. Kc1 a5 17. e5 dxe5 18. dxe5 Ng4 19. Nc4 Nf2
20. Nxb6+ cxb6 21. Bh3+ Kb8 22. Kb1 Nxh1 23. Rxh1 Nxe5 24. Be3 Ka7 25. Bd4
f6 26. Bf5 Nf3 27. Bg6 Re1+ 28. Rxe1 Nxe1 29. Kc1 Nf3 30. Be3 Ne5 31. Bc2
Nd3+ 32. Kb1 Ne5 33. Be4 g5 34. Bd4 h5 35. Kc2 h4 36. gxh4 gxh4 37. Kd2
h3 38. Ke2 h2 39. Kf2 Rg8 40. Kf1 Rg3 41. Bf2 Rg4 42. Bd5 Nd3 43. b3 Nxf2
44. Kxf2 b5 45. Bf3 Rg5 46. Kf1 Kb6 47. Bh1 Rg1+
{White resigns} 0-1

[Event "Polar Bears 4th Internal Tournament"]
[Site "FICS, San Jose, California USA"]
[Date "2008.12.20"]
[Time "20:57:36"]
[Round "1"]
[White "sajanricochet"]
[Black "sergeym"]
[WhiteElo "1527"]
[BlackElo "1423"]
[TimeControl "1800+30"]
[Mode "ICS"]
[Result "0-1"]

1. e4 e5 2. f4 exf4 3. Bc4 g5 4. d3 Bg7 5. Nf3 Nc6 6. a3 d6 7. h3 f5 8. Bd2
Bxb2 9. Ra2 Bg7 10. Nc3 fxe4 11. dxe4 Qe7 12. Qe2 Ne5 13. Nd5 Qd7 14. Nxg5
Nxc4 15. Qxc4 h6 16. Ne6 Rb8 17. Nexc7+ Kd8 18. a4 Ne7 19. Ne6+ Qxe6 20. Qc7+
Ke8 21. Nxe7 Qxa2 22. O-O Qe6 23. Qxb8 Kxe7 24. Qxa7 Rf8 25. Qb6 Be5 26. Qc7+
Qd7 27. Qc4 f3 28. Bxh6 Rf7 29. Bg5+ Ke8 30. Rxf3 Rxf3 31. gxf3 Qxh3 32. Qg8+
Kd7 33. Qd8+ Kc6 34. Qe8+ Bd7 35. Qg8 Bd4+
{White resigns} 0-1

Ìàò÷ íàçíà÷åí Tusendus íà 20:00 Ìñê â âîñêðåñåíüå. Íàñòîÿùàÿ ïàðòèÿ ñîñòîÿëàñü 23 ÷àñà â ñóááîòó. Êîíòðîëü âðåìåíè 30-30. Ñîãëàñíî ðåãëàìåíòó IT4 (http://www.polar-bears.narod.ru/play/it4/it4.htm) ïàðòèÿ ñîîòâåòñòâóåò ïðåäúÿâëÿåìûì òðåáîâàíèÿì. Êàêîâî ðåøåíèå êàïèòàíà: çàñ÷èòûâàåòñÿ ëè ïàðòèÿ â êà÷åñòâå èãðû â ðàìêàõ IT4?
Ïðîøó ñîîáùèòü íà Å-ìàéë èëè ICQ (447878330). Èìååòñÿ ëè íåîáõîäèìîñòü â èãðå íà íàçíà÷åííîå ðàíåå âðåìÿ? Ìàêñèì.

[Event "Polar Bears 4th Internal Tournament"]
[Site "FICS, San Jose, California USA"]
[Date "2008.12.21"]
[Time "22:00:57"]
[Round "1"]
[White "alexborz"]
[Black "tujhbq"]
[WhiteElo "1667"]
[BlackElo "1596"]
[TimeControl "1800+30"]
[Mode "ICS"]
[Result "1/2-1/2"]

1. e4 e5 2. f4 Nc6 3. Bc4 Bc5 4. Nf3 d6 5. f5 Na5 6. Be2 f6 7. c3 Nc6 8. g4
d5 9. d4 exd4 10. cxd4 Bb4+ 11. Nc3 dxe4 12. Nh4 Qxd4 13. Qxd4 Nxd4 14. Kd1
b6 15. Bf4 Nxe2 16. Nxe2 c6 17. a3 Bc5 18. Nc3 e3 19. Re1 Ba6 20. Bxe3 O-O-O+
21. Kc2 Bxe3 22. Rxe3 Nh6 23. h3 Nf7 24. Nf3 h5 25. Re7 Rd7 26. Rae1 hxg4
27. hxg4 Ne5 28. Rxd7 Kxd7 29. Nxe5+ fxe5 30. Rxe5 Rh2+ 31. Kb1 Rg2 32. Re3
Rxg4 33. Ne4 Rf4 34. Ng3 Bc8 35. Nh5 Rxf5 36. Nxg7 Rf1+ 37. Kc2 Kd6 38. Ne8+
Kd7 39. Ng7 Ba6 40. Kc3 Rc1+ 41. Kd2 Rc5 42. Rf3 Bc4 43. Nf5 Be6 44. Nd4
Rd5 45. Kc3 c5 46. Nxe6 Kxe6 47. b4 cxb4+ 48. axb4 Rd1 49. Rf8 Ra1 50. Kc4
Kd7 51. Kb5 Kc7 52. Rf7+ Kd6 53. Rf6+ Kc7 54. Rc6+ Kb7 55. Rh6 Rc1 56. Rh7+
Rc7 57. Rxc7+ Kxc7 58. Ka6 Kb8 59. b5 Ka8
{Game drawn by stalemate} 1/2-1/2

[Event "Polar Bears 4th Internal Tournament"]
[Site "FICS, San Jose, California USA"]
[Date "2009.01.03"]
[Time "15:43:19"]
[Round "2"]
[White "Frigateland"]
[Black "MoreThanAI"]
[WhiteElo "1908"]
[BlackElo "2071"]
[TimeControl "1800+30"]
[Mode "ICS"]
[Result "1-0"]

1. e4 e5 2. f4 exf4 3. Nf3 Be7 4. Bc4 Bh4+ 5. Kf1 Nh6 6. d4 O-O 7. Bxf4
g5 8. Be3 Ng4 9. Qd2 b5 10. Bxb5 f5 11. Bc4+ Kg7 12. e5 f4 13. Bg1 Ne3+
14. Bxe3 fxe3 15. Qxe3 g4 16. Nc3 gxf3 17. gxf3 d5 18. Nxd5 Bh3+ 19. Ke2
Nc6 20. Rhg1+ Kh8 21. c3 Rb8 22. b3 Na5 23. Qh6 Nxc4 24. Qg7#
{Black checkmated} 1-0

[Event "Polar Bears 4th Internal Tournament"]
[Site "FICS, San Jose, California USA"]
[Date "2008.12.23"]
[Time "23:01:51"]
[Round "2"]
[White "sergeym"]
[Black "Tusendus"]
[WhiteElo "1438"]
[BlackElo "1504"]
[TimeControl "1800+30"]
[Mode "ICS"]
[Result "1-0"]

1. e4 e5 2. f4 Bc5 3. d3 d5 4. exd5 exf4 5. Bxf4 Nf6 6. c4 Ng4 7. Nh3 Qe7+
8. Qe2 O-O 9. Qxe7 Bxe7 10. Bxc7 Re8 11. Kd2 Bf5 12. Nc3 Nd7 13. d4 Rac8
14. Nb5 a6 15. Nd6 Bxd6 16. Bxd6 Nb6 17. b3 Nf6 18. Bd3 Bg4 19. Nf2 Bh5
20. Rae1 a5 21. Rxe8+ Rxe8 22. Re1 a4 23. Rxe8+ Nxe8 24. Bc5 Nd7 25. Ne4
Nxc5 26. dxc5 h6 27. Kc3 axb3 28. axb3 Kf8 29. Kb4 Ke7 30. Kb5 Bg4 31. Kb6
Bc8 32. b4 f5 33. Nc3 Nf6 34. Kc7 Bd7 35. Kxb7 Kd8 36. c6 Bc8+ 37. Kb8 Ne8
38. c5 f4 39. d6 Bg4 40. h3 Be6 41. c7+ Kd7 42. c8=Q#
{Black checkmated} 1-0

[Event "Polar Bears 4th Internal Tournament"]
[Site "FICS, San Jose, California USA"]
[Date "2008.12.24"]
[Time "22:12:34"]
[Round "2"]
[White "tujhbq"]
[Black "bvrus"]
[WhiteElo "1597"]
[BlackElo "1744"]
[TimeControl "1800+30"]
[Mode "ICS"]
[Result "0-1"]

1. e4 e5 2. f4 exf4 3. Nf3 g5 4. h3 Nc6 5. b3 Bg7 6. Nc3 d6 7. Bb2 Be6 8. d4
d5 9. Bb5 a6 10. exd5 Bxd5 11. Nxd5 Qxd5 12. Bc4 Qe4+ 13. Qe2 Qxe2+ 14. Bxe2
h6 15. O-O-O O-O-O 16. Kb1 Nge7 17. Bc4 Nd5 18. Bxd5 Rxd5 19. Ne5 Nxe5 20. dxe5
Rxd1+ 21. Rxd1 Rd8 22. Re1 Bf8 23. e6 fxe6 24. Kc1 Re8 25. Bf6 Bd6 26. c3
e5 27. Kc2 e4 28. Bg7 h5 29. Bf6 g4 30. hxg4 hxg4 31. Kd2 Kd7 32. Bg5 f3
33. gxf3 exf3 34. Rxe8 Kxe8 35. Ke3 Kf7 36. Kf2 Kg6 37. Be3 Kf5 38. b4 Ke4
39. Bc5 g3+ 40. Kf1 g2+ 41. Kg1 Bxc5+ 42. bxc5 Ke3 43. c4 Ke2 44. a4 f2+
45. Kxg2 f1=Q+
{White resigns} 0-1

[Event "Polar Bears 4th Internal Tournament"]
[Site "FICS, San Jose, California USA"]
[Date "2008.12.27"]
[Time "20:39:07"]
[Round "2"]
[White "DogGhost"]
[Black "alexborz"]
[WhiteElo "1601"]
[BlackElo "1667"]
[TimeControl "1800+30"]
[Mode "ICS"]
[Result "0-1"]

1. e4 e5 2. f4 exf4 3. d3 g5 4. Nh3 d6 5. Nxf4 gxf4 6. Bxf4 Bh6 7. Bg3 Nc6
8. Nc3 a6 9. Qh5 Qg5 10. Be2 Be6 11. Qxg5 Bxg5 12. O-O O-O-O 13. Bf3 Nd4
14. Bd1 Be3+ 15. Bf2 Bxf2+ 16. Rxf2 f5 17. exf5 Nxf5 18. Bg4 Nd4 19. Bxe6+
Nxe6 20. Re1 Nd4 21. Nd5 Nh6 22. Re7 Rd7 23. c3 Nc6 24. Rxd7 Kxd7 25. Rf6
Ng4 26. Rf7+ Ke6 27. Rxc7 Kxd5 28. Rxb7 Rb8 29. Rxh7 Rxb2 30. Rh5+ Ke6 31. Rh4
Nge5 32. d4 Nd3 33. Re4+ Kd5 34. Rh4 Rb1#
{White checkmated} 0-1

[Event "Polar Bears 4th Internal Tournament"]
[Site "FICS, San Jose, California USA"]
[Date "2008.12.28"]
[Time "19:53:44"]
[Round "2"]
[White "MaxProkopenko"]
[Black "sajanricochet"]
[WhiteElo "1378"]
[BlackElo "1500"]
[TimeControl "1800+30"]
[Mode "ICS"]
[Result "0-1"]

1. e4 e5 2. f4 exf4 3. d4 g5 4. Nf3 d6 5. h4 f6 6. hxg5 fxg5 7. e5 Bf5 8. exd6
Bxd6 9. Bc4 Nc6 10. Bxg8 Rxg8 11. Rxh7 Bxh7 12. d5 Ne5 13. b3 Qf6 14. c4
O-O-O 15. Nxe5 Bxe5 16. Qg4+ Kb8 17. Nd2 Bxa1 18. Ne4 Bxe4 19. g3 Rde8 20. Kf2
Qd4+ 21. Kf1 Qd3+ 22. Kg1 Bd4+ 23. Be3 Bxe3+ 24. Kh2 Rh8+ 25. Qh3 Qe2#
{White checkmated} 0-1

[Event "Polar Bears 4th Internal Tournament"]
[Site "FICS, San Jose, California USA"]
[Date "2009.01.04"]
[Time "22:31:16"]
[Round "2"]
[White "MoreThanAI"]
[Black "Frigateland"]
[WhiteElo "2048"]
[BlackElo "1912"]
[TimeControl "1800+30"]
[Mode "ICS"]
[Result "1/2-1/2"]

1. e4 e5 2. f4 exf4 3. Nf3 g5 4. Bc4 Bg7 5. O-O d6 6. d4 h6 7. c3 Nc6 8. h4
Bg4 9. Qb3 Na5 10. Bxf7+ Kf8 11. Qa4 Kxf7 12. Qxa5 Bxf3 13. Qd5+ Ke8 14. Rxf3
c6 15. Qe6+ Qe7 16. Qxe7+ Kxe7 17. g3 Nf6 18. gxf4 gxf4 19. Bxf4 Nxe4 20. Re3
d5 21. Nd2 Rhg8 22. Nxe4 dxe4 23. Rxe4+ Kd7 24. Kh1 h5 25. Rae1 Rae8 26. Bg5
Rxe4 27. Rxe4 Re8 28. Rxe8 Kxe8 29. Kg2 Kd7 30. Kf3 Ke6 31. Ke4 b5 32. b3
Bf8 33. c4 bxc4 34. bxc4 Bb4 35. Be3 a6 36. Bf4 Be1 37. d5+ cxd5+ 38. cxd5+
Kd7 39. Bg5 Kd6 40. Bf6 Bg3 41. Kd4 Bf2+ 42. Kc4 Be1 43. a4 Bg3 44. Bg5
Bf2 45. Bf6 Bg3 46. Kd4 Bf2+ 47. Ke4 Bg3 48. Bg5 Be1 49. Bf4+ Kd7 50. Kf5
Bxh4 51. Kg6 Be1 52. Kxh5 Bd2 53. Kg5 Bc1 54. Kf5 Bb2 55. Be5 Bc1 56. Ke4
Bg5 57. Kd4 Be7 58. Kc4 Ba3 59. Bd4 Bd6 60. Bc5 Bg3 61. Bb4 Bf2 62. Bc3
Kd6 63. Bf6 Be1 64. Bg7 Bd2 65. Bf8+ Kd7 66. Bc5 Be1 67. Be3 Kd6 68. Bg1
Bd2 69. Bf2 Bf4 70. Be1 Be3 71. Bb4+ Kd7 72. Bc3 Kd6 73. Be1 Bg5 74. Bg3+
Kd7 75. Be5 Be3 76. Bd4 Bg5 77. Kc5 Bd8 78. Bc3 Bc7 79. Bd4 Bd8 80. Be5
{Game drawn by mutual agreement} 1/2-1/2

[Event "Polar Bears 4th Internal Tournament"]
[Site "FICS, San Jose, California USA"]
[Date "2009.01.03"]
[Time "20:01:43"]
[Round "3"]
[White "sergeym"]
[Black "MaxProkopenko"]
[WhiteElo "1452"]
[BlackElo "1370"]
[TimeControl "1800+30"]
[Mode "ICS"]
[Result "1-0"]

1. e4 e5 2. f4 exf4 3. Bc4 Qh4+ 4. Kf1 c6 5. Nf3 Qh5 6. d4 d5 7. exd5 cxd5
8. Bb5+ Nc6 9. Bxf4 Bg4 10. Qe2+ Ne7 11. h3 Bxf3 12. gxf3 g5 13. Bd6 O-O-O
14. Bg3 Nf5 15. Kg2 Ncxd4 16. Qd3 Nxc2 17. Qxf5+ Rd7 18. Qxd7#
{Black checkmated} 1-0

[Event "Polar Bears 4th Internal Tournament"]
[Site "FICS, San Jose, California USA"]
[Date "2009.01.04"]
[Time "20:09:22"]
[Round "3"]
[White "sajanricochet"]
[Black "Tusendus"]
[WhiteElo "1526"]
[BlackElo "1492"]
[TimeControl "1800+30"]
[Mode "ICS"]
[Result "1-0"]

1. e4 e5 2. f4 Bc5 3. d3 d5 4. Nc3 Nf6 5. fxe5 Ng4 6. Nh3 dxe4 7. Bf4 Nc6
8. Nxe4 Bb4+ 9. c3 Ba5 10. b4 Bb6 11. d4 a5 12. a3 Bf5 13. Bd3 Qh4+ 14. Nhf2
Nxf2 15. Nxf2 Qxf4 16. O-O Bxd3 17. Nxd3 Qe3+ 18. Rf2 O-O 19. Qc2 axb4 20. Re1
Qh6 21. axb4 Ne7 22. Nf4 c6 23. Re3 Nd5 24. Ref3 Nxf4 25. Rxf4 Bc7 26. g3
f6 27. Qb3+ Kh8 28. Kg2 Qg6 29. h3 Qe8 30. Qc2 Qe7 31. Rh4 fxe5 32. Qxh7#
{Black checkmated} 1-0

[Event "Polar Bears 4th Internal Tournament"]
[Site "FICS, San Jose, California USA"]
[Date "2009.01.03"]
[Time "23:32:17"]
[Round "3"]
[White "bvrus"]
[Black "alexborz"]
[WhiteElo "1757"]
[BlackElo "1710"]
[TimeControl "1800+30"]
[Mode "ICS"]
[Result "1-0"]

1. e4 e5 2. f4 exf4 3. Nf3 Be7 4. Bc4 Bh4+ 5. Kf1 Nc6 6. d4 Qe7 7. Nc3 g5
8. Nd5 Qxe4 9. Nxc7+ Kd8 10. Nxa8 Nf6 11. c3 Re8 12. Bd3 Qe6 13. Nxh4 gxh4
14. Bxf4 d6 15. Bg5 b6 16. Qf3
{Black resigns} 1-0

[Event "Polar Bears 4th Internal Tournament"]
[Site "FICS, San Jose, California USA"]
[Date "2009.01.06"]
[Time "19:51:03"]
[Round "4"]
[White "MaxProkopenko"]
[Black "Tusendus"]
[WhiteElo "1385"]
[BlackElo "1482"]
[TimeControl "1800+30"]
[Mode "ICS"]
[Result "0-1"]

1. e4 e5 2. f4 Bc5 3. Nf3 d6 4. d4 exd4 5. Nxd4 Bd7 6. c3 Nc6 7. b4 Bb6
8. a3 a5 9. b5 Nxd4 10. cxd4 Qf6 11. Be3 Nh6 12. a4 Bg4 13. Be2 Bxe2 14. Qxe2
Bxd4 15. Bxd4 Qxd4 16. Ra2 Qb4+ 17. Nd2 O-O 18. O-O Rfe8 19. Rb1 Qd4+ 20. Kf1
d5 21. Nb3 Qf6 22. g3 Rxe4 23. Qf3 Nf5 24. Nc5 Re3 25. Qxd5 Rae8 26. Nd3
Rd8 27. Qc4 Rexd3 28. Qxc7 b6 29. Re2 Qd4 30. Rbe1 h6 31. g4 Nh4 32. Re7
Nf3 33. R7e3 Nxe1 34. Rxe1 Rf3+ 35. Kg2 Qf2+ 36. Kh1 Qxe1+ 37. Kg2 Qf1#
{White checkmated} 0-1

[Event "Polar Bears 4th Internal Tournament"]
[Site "FICS, San Jose, California USA"]
[Date "2009.01.08"]
[Time "21:59:33"]
[Round "4"]
[White "tujhbq"]
[Black "alexborz"]
[WhiteElo "1595"]
[BlackElo "1676"]
[TimeControl "1800+30"]
[Mode "ICS"]
[Result "1-0"]

1. e4 e5 2. f4 exf4 3. Nf3 g5 4. Bc4 Nc6 5. d4 g4 6. Ne5 Nxe5 7. dxe5 Qh4+
8. Kd2 Bh6 9. Kc3 d6 10. exd6 Bg7+ 11. Kb3 a5 12. a4 Qf2 13. dxc7 Qb6+ 14. Bb5+
Ke7 15. Bxf4 Be6+ 16. c4 Bd4 17. Nc3 Nf6 18. Nd5+ Nxd5 19. exd5 Bf5 20. d6+
Kf6 21. h4 Be3 22. Bg5+ Bxg5 23. hxg5+ Kxg5 24. Qd2+ Kg6 25. Qh6#
{Black checkmated} 1-0

[Event "Polar Bears 4th Internal Tournament"]
[Site "FICS, San Jose, California USA"]
[Date "2009.01.10"]
[Time "22:28:46"]
[Round "4"]
[White "sergeym"]
[Black "sajanricochet"]
[WhiteElo "1464"]
[BlackElo "1544"]
[TimeControl "1800+30"]
[Mode "ICS"]
[Result "1-0"]

1. e4 e5 2. f4 exf4 3. Bc4 Qg5 4. Qf3 Bd6 5. Nh3 Qc5 6. d3 Nc6 7. Nxf4 Nd4
8. Qf2 Nf6 9. h3 b5 10. Bb3 a5 11. c3 Nxb3 12. axb3 Qxf2+ 13. Kxf2 O-O 14. Re1
Re8 15. Na3 c6 16. Kf3 Ba6 17. Be3 b4 18. Nc4 Bxc4 19. bxc4 Bc7 20. cxb4
axb4 21. b3 d6 22. Rxa8 Rxa8 23. d4 Ra5 24. Nd3 d5 25. e5 Ne4 26. Nxb4 Nc3
27. Nxc6 Ra3 28. Ne7+ Kf8 29. Nxd5 Nxd5 30. cxd5 Rxb3 31. Rc1 Bb6 32. Rc8+
Ke7 33. d6+ Kd7 34. Rc4 f6 35. exf6 gxf6 36. Ke4 Ke6 37. d5+ Kd7 38. Bxb6
Rxb6 39. Rc7+ Kxd6 40. Rxh7 Rb4+ 41. Kf5 Kxd5 42. Kxf6 Rb6+ 43. Kg5 Ke6
44. Rh6+
{Black resigns} 1-0

[Event "Polar Bears 4th Internal Tournament"]
[Site "FICS, San Jose, California USA"]
[Date "2009.01.13"]
[Time "22:27:54"]
[Round "5"]
[White "Tusendus"]
[Black "sergeym"]
[WhiteElo "1493"]
[BlackElo "1479"]
[TimeControl "1800+30"]
[Mode "ICS"]
[Result "1-0"]

1. e4 e5 2. f4 exf4 3. Nf3 g5 4. d4 d6 5. Nc3 Bg4 6. Be2 Bg7 7. d5 Nf6 8. Nxg5
Bxe2 9. Qxe2 h6 10. Nf3 Qe7 11. Bxf4 O-O 12. O-O-O c6 13. e5 dxe5 14. Nxe5
cxd5 15. Nxd5 Nxd5 16. Rxd5 Nc6 17. Re1 Rfe8 18. Rd7 Qe6 19. Rd3 f6 20. Nxc6
Qxe2 21. Rxe2 Rxe2 22. Nd4 Rxg2 23. Ne6 Rg1+ 24. Kd2 Rg2+ 25. Kd1 Rc8 26. Rd7
Rg1+ 27. Kd2 Rg2+ 28. Kd3 Rg6 29. Rxb7 f5 30. Nc7 Rg4 31. Nd5 Rd8 32. Kc4
Be5 33. Ne7+ Kf8 34. Ng6+ Rxg6 35. Bxe5 Rc8+ 36. Kb3 Rb6+ 37. Rxb6 axb6
38. c4 Kf7 39. Kb4 Ke6 40. Bf4 h5 41. Kb5 Rc5+ 42. Kb4 Rc6 43. b3 Kf6 44. Kb5
Rc5+ 45. Kxb6 Rc8 46. a4 Rd8 47. Kc5 h4 48. b4 Rd3 49. a5 Rf3 50. Bd6 f4
51. a6 Rf1 52. Kb5 f3 53. Bc5 Rh1 54. a7 Rxh2 55. a8=Q f2 56. Bxf2 Rxf2
57. Qf8+
{Black resigns} 1-0

[Event "Polar Bears 4th Internal Tournament"]
[Site "FICS, San Jose, California USA"]
[Date "2009.01.17"]
[Time "22:22:09"]
[Round "5"]
[White "sajanricochet"]
[Black "MaxProkopenko"]
[WhiteElo "1520"]
[BlackElo "1406"]
[TimeControl "1800+30"]
[Mode "ICS"]
[Result "1-0"]

1. e4 e5 2. f4 exf4 3. Nf3 g5 4. d4 f6 5. b3 d5 6. e5 Bg4 7. Bb2 fxe5 8. dxe5
Nc6 9. e6 Nf6 10. Bb5 Bg7 11. Nc3 a6 12. Bd3 O-O 13. Qe2 Re8 14. O-O-O Nd4
15. Qf2 Nxe6 16. Rde1 h6 17. Ne5 Bh5 18. g3 c6 19. Nf3 Ng4 20. Qd2 Ne3 21. Qf2
d4 22. Ne4 Bxf3 23. Qxf3 fxg3 24. Nxg3 Nf4 25. Nh5 Nxh5 26. Qxh5 Nd5 27. Qg6
Rxe1+ 28. Rxe1 Qf6 29. Qh7+ Kf8 30. Rf1 Nf4 31. Ba3+ Ke8 32. Qg8+ Qf8 33. Bxf8
{Black resigns} 1-0

[Event "Polar Bears 4th Internal Tournament"]
[Site "FICS, San Jose, California USA"]
[Date "2009.01.17"]
[Time "23:43:28"]
[Round "5"]
[White "bvrus"]
[Black "tujhbq"]
[WhiteElo "1793"]
[BlackElo "1607"]
[TimeControl "1800+30"]
[Mode "ICS"]
[Result "1-0"]

1. e4 e5 2. f4 exf4 3. Nf3 Be7 4. Bc4 Bh4+ 5. Kf1 d6 6. d4 Bg4 7. Nc3 Nc6
8. Nd5 Nf6 9. Qd3 Bxf3 10. Qxf3 Nxd5 11. Bxd5 Nxd4 12. Qxf4 O-O 13. c3 Ne6
14. Qg4 Qf6+ 15. Qf5 c6 16. Bb3 Nc5 17. Bc2 Qg6 18. g3 Bf6 19. h4 Qxf5+
20. exf5 Rfe8 21. g4 Ne4 22. Rh3 h6 23. Bf4 d5 24. Kg2 Re7 25. Kf3 Rae8
26. Rah1 Be5 27. g5 Bxf4 28. Kxf4 Nf2 29. gxh6 Nxh3+ 30. Rxh3 gxh6 31. Rg3+
Kh8 32. f6 Re1 33. Bd3 Rg8 34. Rf3 h5 35. Bf5 Re2 36. b4 Rxa2 37. Ke5 Rh2
38. Kd6 Rxh4 39. Ke7 Rh1 40. Kxf7 Rhg1 41. Rh3 R1g5 42. Be6 Rb8 43. Ke7
b6 44. f7 Kg7 45. Rf3 Rb7+ 46. Ke8 Rb8+ 47. Ke7 Rf8 48. Kd6 h4 49. Kxc6
Rg3 50. Rf2 Rxc3+ 51. Kxd5 Rd8+ 52. Ke5 Re3+ 53. Kf5 h3 54. Rf4 Rg3 55. Rh4
a5 56. b5 a4 57. Kf4 Rg6 58. Kf5 Rg3 59. Kf4 Rg6 60. Kf5 a3 61. Rxh3 Rf6+
62. Ke5 Ra8 63. Rh2 Ra5 64. Rg2+ Rg6 65. Rxg6+ Kxg6 66. f8=Q Rxb5+ 67. Kd6
Rg5 68. Kc6 Rc5+
{Black resigns} 1-0

[Event "Polar Bears 4th Internal Tournament"]
[Site "FICS, San Jose, California USA"]
[Date "2009.01.04"]
[Time "00:31:24"]
[Round "6"]
[White "alexborz"]
[Black "bvrus"]
[WhiteElo "1702"]
[BlackElo "1776"]
[TimeControl "1800+30"]
[Mode "ICS"]
[Result "0-1"]

1. e4 e5 2. f4 exf4 3. Nf3 Nc6 4. Bc4 g5 5. h3 d6 6. d4 Qe7 7. Qe2 Bd7 8. Nc3
Na5 9. Nd5 Qd8 10. e5 Nxc4 11. exd6+ Be6 12. Nxc7+ Kd7 13. Nxa8 Bxd6 14. b3
Bb4+ 15. Kf2 Nd6 16. Ne5+ Kc8 17. c4 Kb8 18. d5 Bf5 19. Bb2 Bc5+ 20. Kf1
f6 21. Nd3 Ne4 22. Nxc5 Ng3+
{White resigns} 0-1

[Event "Polar Bears 4th Internal Tournament"]
[Site "FICS, San Jose, California USA"]
[Date "2009.02.01"]
[Time "21:34:54"]
[Round "6"]
[White "Tusendus"]
[Black "sajanricochet"]
[WhiteElo "1503"]
[BlackElo "1533"]
[TimeControl "1800+30"]
[Mode "ICS"]
[Result "0-1"]

1. e4 e5 2. f4 exf4 3. Nf3 Nc6 4. d4 Nf6 5. Bd3 d5 6. e5 Ne4 7. Bxf4 Bg4
8. O-O Nxd4 9. c4 Bxf3 10. gxf3 Nc5 11. Nc3 c6 12. Be3 Nde6 13. Bf5 d4 14. Bf2
Qg5+ 15. Bg4 h5 16. Ne2 hxg4 17. fxg4 Qxg4+ 18. Bg3 Ne4 19. Qd3 O-O-O 20. a3
Be7 21. b4 Rh7 22. b5 c5 23. a4 Rdh8 24. Kh1 Nxg3+ 25. Nxg3 Rxh2+ 26. Kg1
Rh1+ 27. Kf2 R8h2+ 28. Ke1 Nf4 29. Qb3 Re2+ 30. Nxe2 Qxe2#

{White checkmated} 0-1

[Event "Polar Bears 4th Internal Tournament"]
[Site "Free Internet Chess Server"]
[Date "2009.01.24"]
[Round "6"]
[White "MaxProkopenko"]
[Black "sergeym"]
[Result "1-0"]
[WhiteElo "1400"]
[BlackElo "1467"]
[ECO "C34"]
[TimeControl "1800+30"]

1. e4 e5 2. f4 exf4 3. Nf3 g5 4. h3 Bg7 5. d4 d6 6. Bd3 c6 7. c3 Be6 8. O-O 
Nf6 9. Nxg5 Bh6 10. Bxf4 Rg8 11. Nxe6 fxe6 12. Bxh6 Nbd7 13. e5 dxe5 14. Bxh7 
Nxh7 15. Qh5+ Ke7 16. Qf7+ Kd6 17. dxe5+ Kc7 18. Qxh7 Rh8 19. Qg7 Qh4 20. Rd1 
Rad8 21. Bg5 Qh5 22. Na3 Rdg8 23. Qxd7+ Kb6 24. Be3+ Ka6 25. Qxe6 Rh6 26. Bxh6
Re8 27. Qc4+ b5 28. Qxc6+ Ka5 29. Qxb5# {sergeym checkmated} 1-0